 Dungeon Crawl Stone Soup version 0.26.1-2-gb8aa6d0cf2 (webtiles) character file.

Game seed: 14864544720631351970

30 Exporg the Skirmisher (level 3, 0/29 HPs)
             Began as a Demonspawn Chaos Knight on Mar 11, 2021.
             Was a Plaything of Xom.
             Succumbed to an adder's poison
             ... on level 2 of the Dungeon.
             The game lasted 00:01:55 (1449 turns).

Exporg the Skirmisher (Demonspawn Chaos Knight)     Turns: 1449, Time: 00:01:56

Health: 0/29       AC:  6    Str: 16    XL:     3   Next: 5%
Magic:  3/3        EV: 11    Int: 15    God:    Xom [..*...]
Gold:   60         SH:  0    Dex: 13    Spells: 2/2 levels left

rFire    . . .     SeeInvis .   a - +0 mace (chaos)
rCold    . . .     Faith    .   (no shield)
rNeg     . . .     Spirit   .   b - +2 leather armour
rPois    .         Reflect  .   (helmet restricted)
rElec    .         Harm     .   (no cloak)
rCorr    .         Rampage  .   (no gloves)
Will     .....                  (no boots)
Stlth    +.........             (no amulet)
HPRegen  0.09/turn              (no ring)
MPRegen  0.08/turn              (no ring)

@: brilliant, lethally poisoned (0 -> -4), flying
A: horns 2, clever 1, powered by pain 1, shaggy fur 1, strong 2, wild magic 1
a: Renounce Religion


You were on level 2 of the Dungeon.
You worshipped Xom.
You were a toy of Xom.
You visited 1 branch of the dungeon, and saw 2 of its levels.

You collected 60 gold pieces.

Inventory:

Hand Weapons
 a - a +0 mace of chaos (weapon)
 i - a +0 war axe
Armour
 b - a +2 leather armour (worn)
Jewellery
 m - a +6 ring of intelligence {unknown}
Wands
 h - a wand of acid (6)
Scrolls
 c - 3 scrolls of teleportation {unknown}
 d - a scroll of magic mapping {unknown}
 f - 2 scrolls of immolation {unknown}
 j - a scroll of amnesia {unknown}
 k - a scroll of enchant weapon {unknown}
 l - a scroll of identify {unknown}
Potions
 g - 2 potions of flight


   Skills:
 + Level 3.4 Fighting
 + Level 3.2 Maces & Flails
 + Level 1.9 Armour
 + Level 1.1 Dodging
 + Level 0.2 Stealth


You had 2 spell levels left.
You didn't know any spells.
Your spell library was empty.

Dungeon Overview and Level Annotations

Branches:
Dungeon (2/15)

Altars:
Dithmenos


Innate Abilities, Weirdness & Mutations

You sometimes gain a little power by taking damage.
You have a pair of horns on your head.
Your mind is acute. (Int +2)
You are covered in fur. (AC +1)
Your muscles are very strong. (Str +4)
Your spells are a little harder to cast, but a little more powerful.


Message History

Your base attributes are Str 12, Int 13, Dex 12.
Increase (S)trength, (I)ntelligence, or (D)exterity?
You feel agile.
It was a potion of brilliance.
You feel clever all of a sudden.
* * * LOW HITPOINT WARNING * * *
You feel sick.
Okay, then.
* * * LOW HITPOINT WARNING * * *
You feel sick.
* * * LOW HITPOINT WARNING * * *
You feel sick.
* * * LOW HITPOINT WARNING * * *
You feel sick.
* * * LOW HITPOINT WARNING * * *
You feel sick.
* * * LOW HITPOINT WARNING * * *
You feel sick.
You die...
Xom thinks this is hilarious!

......#.#.#.#<.........#
#......#.#.#.#......#...#
#.#.####.#.#.############
#.#........#.# ...##
#.########.#.# #######.##
. #.#.# .........# ..
#.#.#######.....
....########.#...# #.....
..........@....>.# #..<..
###.###.####..#### #.....
##+###.# #...# ..........
#....#.# #..## .##.....#.
#.#...)#.####..#
..##......
#.....)'.......#
._S#......
##.....#.####.##
..##..#### #.....#.# #..#
.##... #..####)# ####
)....#


There were no monsters in sight!

Vanquished Creatures
  An adder (D:2)
  3 goblins
  6 jackals (D:2)
  A ball python (D:1)
  4 bats
  A frilled lizard (D:1)
  3 kobolds
  2 rats (D:1)
21 creatures vanquished.

Notes
Turn   | Place    | Note
-------+----------+-------------------------------------------
     0 | D:1      | Exporg the Demonspawn Chaos Knight began the quest for the
                  | Orb.
     0 | D:1      | Reached XP level 1. HP: 18/18 MP: 1/1
   196 | D:1      | XOM: cloud trail
   338 | D:1      | XOM: give mutations
   338 | D:1      | Gained mutation: You are covered in fur. (AC +1) [Xom's
                  | grace]
   338 | D:1      | Gained mutation: You have a pair of small horns on your
                  | head. [Xom's grace]
   338 | D:1      | Gained mutation: Your muscles are strong. (Str +2) [Xom's
                  | grace]
   338 | D:1      | Gained mutation: You have a pair of horns on your head.
                  | [Xom's grace]
   582 | D:1      | Reached skill level 1 in Dodging
   621 | D:1      | XOM: give mutations
   621 | D:1      | Gained mutation: Your spells are a little harder to cast,
                  | but a little more powerful. [Xom's grace]
   621 | D:1      | Gained mutation: Your mind is acute. (Int +2) [Xom's grace]
   621 | D:1      | Gained mutation: Your muscles are very strong. (Str +4)
                  | [Xom's grace]
   790 | D:1      | Gained mutation: You sometimes gain a little power by
                  | taking damage. [demonic ancestry]
   790 | D:1      | Reached XP level 2. HP: 23/24 MP: 2/2
   827 | D:1      | XOM: cloud trail
  1127 | D:2      | Found a shadowy altar of Dithmenos.
  1127 | D:2      | XOM: god gift: wand of acid (6)
  1429 | D:2      | XOM: god gift: runed shortbow {god gift}
  1438 | D:2      | Reached XP level 3. HP: 6/29 MP: 3/3
  1446 | D:2      | HP: 1/29 [poisoned by an adder]
  1449 | D:2      | Succumbed to an adder's poison

Illustrated notes

Levels and vault maps discovered:
D:1:      sevenhm_arrival_forest_fort_large_2, layout_basic, minmay_tetromino_t4
D:2:      layout_basic, grunt_temple_overflow_growth_and_decay,
          kennysheep_slug_shrine, lemuel_round_altar, elyvilon_altar_1,
          nicolae_dithmenos_through_a_glass_darkly,
          nicolae_ru_sacrificial_ziggurat, chequers_ecumenical_altar_twisty,
          minmay_hedge_maze, uniq_jessica

Skill      XL: |  1  2 |
---------------+-------+-----
Dodging        | 1 |  1.1
Maces & Flails | 3 |  3.2
Fighting       | |  3.4
Armour         | |  1.9
Stealth        | |  0.2

Action                   || total
-------------------------++-------
Melee: Mace              ||    68
       Headbutt          ||    13
  Use: Potion            ||     2
Armor: Leather armour    ||    43
Dodge: Dodged            ||    53
